 Dungeon Crawl Stone Soup version 0.31-a0-692-gf03d1854d5 (webtiles) character file.

Game seed: 5017689489319455809

100 Ijustatesigmund the Grasshopper (level 4, -5/23 HPs)
             Began as a Spriggan Warper on Sept 7, 2023.
             Killed by divine providence
             ... invoked by an orc priest
              (13 damage)
             ... on level 4 of the Dungeon.
             The game lasted 00:07:53 (3878 turns).

Ijustatesigmund the Grasshopper (Spriggan Warper)   Turns: 3878, Time: 00:07:53

Health: -5/23      AC: 13    Str:  9    XL:     4   Next: 47%
Magic:  9/9        EV: 18    Int: 14    God:
Gold:   75         SH:  0    Dex: 20    Spells: 6/8 levels left

rFire   . . .        a - +0 short sword (protect)
rCold   . . .        (no shield)
rNeg    . . .        b - +0 robe
rPois   .            (helmet restricted)
rElec   .            (no cloak)
rCorr   .            (gloves unavailable)
SInv    +            (boots unavailable)
Will    .....        (no amulet)
Stlth   +++          e - +6 ring of dexterity
HPRegen 0.23/turn    p - +4 ring of protection
MPRegen 0.11/turn

%: no passive effects
@: under a protective aura, very quick
A: very small, no large weapons, unfitting armour, see invisible, speed 3
a: no special abilities


You were on level 4 of the Dungeon.
You visited 1 branch of the dungeon, and saw 4 of its levels.

You collected 175 gold pieces.
You spent 100 gold pieces at shops.

Inventory:

Hand Weapons
 a - a +0 short sword of protection (weapon)
 g - a +1 dagger of flaming
 t - a +1 short sword of venom
Missiles
 d - 5 darts of dispersal (quivered)
Armour
 b - a +0 robe (worn)
Jewellery
 e - a +6 ring of dexterity (left hand)
 p - a +4 ring of protection (right hand)
Talismans
 f - a beast talisman
Wands
 o - a wand of iceblast (10)
Scrolls
 c - a scroll of blinking
 j - a scroll of immolation {unknown}
 l - 2 scrolls of vulnerability
 r - a scroll of fog {unknown}
 s - a scroll of enchant armour {unknown}
Potions
 h - a potion of cancellation
 k - a potion of attraction {unknown}
 m - a potion of mutation {unknown}
 n - 2 potions of brilliance {unknown}
 q - a potion of heal wounds {unknown}


   Skills:
 + Level 2.6 Fighting
 - Level 3.2 Short Blades
 - Level 1.0 Throwing
 - Level 3.2 Dodging
 - Level 3.0 Stealth
 - Level 2.6 Spellcasting
 - Level 4.4 Translocations
 + Level 1.2 Evocations
 - Level 1.2 Shapeshifting


You had 6 spell levels left.
You knew the following spells:

 Your Spells              Type           Power      Damage    Failure   Level
a - Blink                 Tloc           28%        N/A       5%          2

Your spell library contained the following spells:

 Spells                   Type           Power      Damage    Failure   Level
 Lesser Beckoning         Tloc           28%        N/A       5%          2
 Teleport Other           Tloc           14%        N/A       11%         3
 Sandblast                Erth           2%         2d4       22%         1
 Slow                     Hex            4%         N/A       22%         1
 Summon Small Mammal      Summ           4%         N/A       22%         1
 Portal Projectile        Hex/Tloc       16%        N/A       26%         3
 Passwall                 Tmut/Erth      0%         N/A       32%         2
 Manifold Assault         Tloc           14%        N/A       36%         4
 Call Canine Familiar     Summ           1%         N/A       54%         3
 Confusing Touch          Hex            1%         N/A       54%         3
 Stone Arrow              Conj/Erth      2%         3d7       54%         3
 Summon Guardian Golem    Hex/Summ       1%         N/A       54%         3
 Vampiric Draining        Necr           1%         2d6       54%         3
 Vhi's Electric Charge    Tloc/Air       16%        N/A       65%         4
 Leda's Liquefaction      Hex/Erth       0%         N/A       91%         4
 Summon Forest            Summ/Tloc      4%         N/A       94%         5
 Eringya's Noxious Bog    Tmut/Pois      0%         4d6       100%        6
 Summon Hydra             Summ           0%         N/A       100%        7


Dungeon Overview and Level Annotations

Branches:
Dungeon (4/15)
 Temple: D:4-7

Altars:

Shops:
D:3 *


Innate Abilities, Weirdness & Mutations

You are very small and have problems with some larger weapons.
You are too small for most types of armour.
You have supernaturally acute eyesight. (SInv)
You cover ground extremely quickly. (Speed+++)


Message History

No target in view!
No target in view!
No target in view!
No target in view!
No target in view!
Search for what [? for help]? ven
There is a stone staircase leading down here.
You see here a +1 short sword of venom.
t - a +1 short sword of venom
There is a stone staircase leading down here.
You pick up a book of Callings and begin reading...
You add the spells Summon Small Mammal and Summon Guardian Golem to your library.
Done exploring.
Done exploring.
There is a stone staircase leading down here.
You climb downwards.
There is a stone staircase leading up here.
An orc priest comes into view.
It is wielding a +0 club. 2 orc priests come into view.
The orc priest shouts!
You closely miss the orc priest.
The orc priest shouts! x2
The orc priest casts a cantrip, but nothing happens.
The orc priest hits you with a +0 club.
You barely miss the orc priest. The orc priest hits you with a +0 club.
You hit the orc priest.
Your weapon exudes an aura of protection.
The orc priest is moderately wounded.
The orc priest mumbles some strange prayers to Beogh against you.
Beogh smites you!
Ouch! That really hurt!
* * * LOW HITPOINT WARNING * * *
The orc priest mumbles some strange prayers to Beogh against you.
You struggle to resist.
Okay, then.
You feel better.
The orc priest invokes the aid of Beogh against you.
Beogh smites you!
Ouch! That really hurt!
You die...

..########
....ooo..#
#.######@#
#.# #.#
#.# #.#
####.####
#.......#
#.#####.##
# #<..#


You could see 3 orc priests.

Vanquished Creatures
  Robin (D:1)
  4 adders
  A dart slug (D:1)
  7 ball pythons
  4 endoplasms
  3 giant cockroaches
  11 goblins
  3 hobgoblins
  6 jackals (D:1)
  2 kobolds
  A quokka (D:2)
  2 bats
  A frilled lizard (D:2)
  3 rats
49 creatures vanquished.

Notes
Turn   | Place    | Note
-------+----------+-------------------------------------------
     0 | D:1      | Ijustatesigmund the Spriggan Warper began the quest for the
                  | Orb.
     0 | D:1      | Reached XP level 1. HP: 10/10 MP: 5/5
   115 | D:1      | Reached skill level 1 in Stealth
   236 | D:1      | Reached XP level 2. HP: 12/15 MP: 6/6
   427 | D:1      | Learned a level 2 spell: Blink
  1050 | D:2      | Noticed Robin
  1050 | D:2      | Found a faded altar of an unknown god.
  1217 | D:1      | Killed Robin
  1218 | D:1      | Reached skill level 1 in Shapeshifting
  1218 | D:1      | Reached XP level 3. HP: 14/18 MP: 8/8
  2406 | D:2      | Reached XP level 4. HP: 14/23 MP: 9/9
  3245 | D:3      | Found Raongaf's Assorted Antiques.
  3252 | D:3      | Reached skill level 1 in Evocations
  3263 | D:3      | Bought a shiny moonstone ring for 100 gold pieces
  3878 | D:4      | Killed from afar by an orc priest

Illustrated notes

Levels and vault maps discovered:
D:1:      denvon_arrival_planthouse, layout_basic
D:2:      layout_basic, basic_ecumenical_altar, uniq_robin
D:3:      layout_loops_ring, serial_shops, shop,
          nicolae_kite_square_tiling_tiny, minmay_misc_feat_nine_boxes,
          kennysheep_decorative_pillar
D:4:      layout_loops_corners, corexii_item_surrounded_by_moat

Skill      XL: |  1  2  3  4 |
---------------+-------------+-----
Stealth        | 1 2 3 |  3.0
Fighting       | 2 |  2.6
Shapeshifting  | 1 |  1.2
Short Blades   | 3 |  3.2
Evocations     | 1 |  1.2
Throwing       | |  1.0
Dodging        | |  3.2
Spellcasting   | |  2.6
Translocations | |  4.4

Action                     |  1- 3 |  4- 6 || total
---------------------------+-------+-------++-------
  Melee: Short sword       |   150 |    14 ||   164
         Dagger            |    17 |    24 ||    41
         Punch             |     2 |     1 ||     3
  Throw: Dart              |     2 |       ||     2
   Cast: Blink             |     2 |       ||     2
    Use: Scroll            |     8 |     2 ||    10
         Potion            |     1 |     1 ||     2
   Stab: Sleeping          |     4 |     4 ||     8
         Distracted        |     1 |       ||     1
 Armour: Robe              |    65 |     8 ||    73
  Dodge: Dodged            |   175 |    13 ||   188
         Form:             |     1 |       ||     1
         Beast             |     1 |       ||     1

Table legend: (Time is in decaauts)
 A = Elapsed time spent in this place.
 B = Non-inter-level travel time spent in this place.
 C = Inter-level travel time spent in this place.
 D = Time resting spent in this place.
 E = Time spent auto-exploring this place.
 F = Levels seen in this place.
 G = Mean time per level.
                   A        B        C        D        E       F      G
               +--------+--------+--------+--------+--------+-----+--------+
         Total |   2866 |   2750 |    116 |    961 |   1280 |   4 |  716.5 |
       Dungeon |   2866 |   2750 |    116 |    961 |   1280 |   4 |  716.5 |
               +--------+--------+--------+--------+--------+-----+--------+

Top non-repeatable levels by time:
     D:1: 1496 daAuts
     D:2: 932 daAuts
     D:3: 427 daAuts
     D:4: 10 daAuts
